AoeStats
← Henrik

Black Forest

510394127Analyzed
4v4 RM · 21h ago on Sep 30, 2026· 65m 58s· 8 players
Game mode
Random Map
Map size
Large (8 player)
Population
200
Speed
Normal
Resources
Standard
Victory
Conquest
Starting age
Dark Age
Ending age
Imperial Age
RankedLock teamsTeams togetherTeam positionsShared explorationLock speedFull tech treeHidden civsTurbo modeCheats
Victory
Defeat
🇨🇦 Danes · Canada
778
+16
🇫🇷 Teutons · France
724
+19
🇬🇧 Saxons · United Kingdom
716
+19
🇵🇱 Varangians · Poland
654
+21
🇨🇳 Goths · China
890
-23
🇺🇸 Mongols · United States
880
-22
🇨🇳 Portuguese · China
863
-22
🇬🇧 Goths · United Kingdom
490
-8
Seventh L3tter
0:29 Loom
11:38 Feudal Age
17:48 Castle Age
16:38 Gold Mining
16:43 Stone Mining
16:43 Double-Bit Axe
17:31 Horse Collar
20:32 Bow Saw
20:34 Heavy Plow
27:04 Wheelbarrow
31:11 Imperial Age
29:23 Padded Archer Armor
29:19 Fletching
30:22 Leather Archer Armor
30:07 Bodkin Arrow
30:06 Town Watch
31:02 Gold Shaft Mining
32:06 Thumb Ring
32:22 Hand Cart
32:54 Scale Mail Armor
33:10 Forging
34:50 Iron Casting
34:31 Chain Mail Armor
36:09 Ballistics
36:52 Chemistry
35:57 Siege Engineers
37:24 Plate Mail Armor
37:55 Blast Furnace
37:08 Cranequins
40:31 Murder Holes
40:21 Heavy Mounted Crossbowman
40:25 Hamask
42:12 Scale Barding Armor
44:04 Chain Barding Armor
44:59 Bloodlines
44:49 Husbandry
44:42 Gambesons
44:57 Squires
44:43 Arson
46:02 Conscription
45:04 Elite Jomsviking
50:23 Conscription
54:41 Plate Barding Armor
54:42 Ring Archer Armor
55:35 Bracer
56:25 Light Cavalry
59:17 Northmen's Fury
65:24 Masonry
65:01 Arrowslits
65:09 Guard Tower
Mecenas Kaszewiak
0:28 Loom
12:35 Feudal Age
14:55 Double-Bit Axe
15:04 Horse Collar
22:08 Castle Age
21:28 Bloodlines
21:30 Scale Barding Armor
21:36 Forging
21:38 Scale Barding Armor
21:43 Forging
21:37 Scale Mail Armor
22:03 Stone Mining
23:24 Husbandry
23:54 Heavy Plow
24:06 Bow Saw
25:45 Stone Shaft Mining
26:14 Vendel Legacy
32:17 Iron Casting
34:48 Chain Barding Armor
39:29 Imperial Age
37:31 Fletching
37:41 Padded Archer Armor
38:01 Squires
37:47 Gambesons
37:48 Arson
38:34 Bodkin Arrow
39:54 Leather Archer Armor
40:59 Conscription
41:18 Crop Rotation
42:23 Two-Man Saw
44:48 Wheelbarrow
44:41 Treadmill Crane
45:24 Ballistics
45:00 Murder Holes
45:10 Siege Engineers
46:52 Hand Cart
47:41 Chemistry
47:18 Plate Barding Armor
47:11 Town Watch
47:23 Elite Jarl
51:08 Town Patrol
51:24 Gothikon
52:09 Scale Mail Armor
53:20 Blast Furnace
65:53 Spies/Treason
YasD_001
0:28 Loom
12:40 Feudal Age
13:21 Stone Mining
13:25 Double-Bit Axe
14:32 Horse Collar
21:05 Wheelbarrow
25:01 Castle Age
23:25 Gold Mining
24:47 Forging
24:37 Scale Mail Armor
24:00 Man-at-Arms
25:41 Arson
27:23 Heavy Plow
27:37 Bow Saw
28:14 Guard Tower
28:09 Treadmill Crane
28:39 Masonry
28:25 Murder Holes
28:51 Ballistics
33:21 Chain Mail Armor
33:41 Iron Casting
33:30 Fortified Wall
36:11 Hand Cart
35:42 Town Watch
36:24 Padded Archer Armor
36:14 Fletching
36:15 Gambesons
39:21 Gold Shaft Mining
41:20 Imperial Age
40:05 Leather Archer Armor
39:45 Bodkin Arrow
40:12 Squires
39:45 Elite Skirmisher
41:37 Long Swordsman
41:39 Pikeman
43:12 Crop Rotation
43:45 Two-Man Saw
43:42 Ring Archer Armor
43:13 Bracer
43:43 Plate Mail Armor
44:02 Two-Handed Swordsman
44:04 Halberdier
45:08 Conscription
44:11 Shield Wall
45:43 Elite Hearth Troop
47:11 Caravan
46:48 Champion
48:08 Hoardings
46:58 Clerical Recruitment
48:25 Architecture
49:39 Crossbowman
50:25 Thumb Ring
Point and Click
2:17 Loom
13:32 Feudal Age
14:39 Double-Bit Axe
19:06 Castle Age
18:56 Horse Collar
20:00 Scale Mail Armor
20:11 Forging
22:08 Caravan
22:28 Stone Mining
25:50 Town Watch
28:13 Fletching
32:20 Bow Saw
32:17 Heavy Plow
32:25 Town Patrol
36:50 Imperial Age
34:31 Bodkin Arrow
37:03 Iron Casting
36:44 Chain Mail Armor
36:35 Scale Barding Armor
36:30 Padded Archer Armor
37:55 Crenellations
37:00 Onager
37:44 Elite Teutonic Knight
39:35 Blast Furnace
41:55 Squires
41:40 Gambesons
43:28 Siege Engineers
44:19 Plate Mail Armor
44:24 Heavy Mounted Crossbowman
44:54 Arson
50:46 Siege Onager
56:00 Ironclad
56:55 Ballistics
57:35 Chemistry
56:49 Masonry
56:33 Arrowslits
LL KID CASH LL
0:46 Loom
14:47 Feudal Age
15:14 Double-Bit Axe
16:07 Wheelbarrow
15:19 Town Watch
15:17 Horse Collar
25:16 Gold Mining
25:28 Stone Mining
30:42 Castle Age
28:38 Man-at-Arms
31:27 Squires
33:34 Fervor
36:40 Bow Saw
36:48 Heavy Plow
37:02 Pikeman
38:05 Caravan
38:56 Ballistics
41:34 Fletching
55:20 Coinage
54:52 Herbal Medicine
YaSh the B3AST
0:30 Loom
14:05 Feudal Age
18:41 Castle Age
17:08 Double-Bit Axe
17:18 Horse Collar
21:43 Wheelbarrow
21:56 Bow Saw
22:22 Town Watch
22:39 Heavy Plow
26:35 Hand Cart
32:32 Fletching
35:24 Imperial Age
33:37 Husbandry
33:47 Bloodlines
34:09 Forging
36:57 Light Cavalry
36:57 Elite Steppe Lancer
39:42 Nomads
39:14 Onager
43:03 Drill
43:20 Capped Ram
43:47 Hussar
47:16 Caravan
47:37 Town Patrol
49:12 Heavy Scorpion
49:14 Siege Onager
52:09 Ballistics
52:50 Chemistry
52:27 Iron Casting
51:48 Bodkin Arrow
51:59 Scale Barding Armor
51:55 Padded Archer Armor
51:53 Murder Holes
57:55 Blast Furnace
Henrik
0:29 Loom
13:45 Feudal Age
14:06 Horse Collar
14:12 Double-Bit Axe
22:48 Castle Age
21:59 Stone Mining
22:04 Gold Mining
24:09 Bow Saw
24:02 Heavy Plow
25:29 Stone Shaft Mining
33:53 Imperial Age
34:03 Wheelbarrow
37:25 Conscription
37:07 Arquebus
38:15 Chemistry
39:44 Crop Rotation
40:53 Two-Man Saw
40:03 Onager
41:39 Cavalier
42:29 Bloodlines
42:19 Husbandry
43:20 Hand Cart
44:25 Scale Barding Armor
44:31 Forging
44:22 Scale Mail Armor
50:52 Light Cavalry
51:40 Pikeman
53:03 Caravan
59:38 Elite Organ Gun
Letty
12:37 Feudal Age
15:48 Wheelbarrow
19:22 Castle Age
17:31 Double-Bit Axe
18:13 Horse Collar
23:09 Gold Mining
24:47 Hand Cart
28:31 Bow Saw
28:44 Stone Mining
33:50 Imperial Age
31:10 Town Watch
31:13 Loom
31:56 Pikeman
32:37 Squires
33:09 Heavy Plow
33:32 Caravan
33:50 Anarchy
35:45 Chemistry
34:57 Forging
34:48 Scale Mail Armor
36:19 Two-Man Saw
35:52 Crop Rotation
35:03 Elite Skirmisher
35:48 Halberdier
39:44 Iron Casting
39:24 Chain Mail Armor
39:00 Fletching
39:11 Padded Archer Armor
39:33 Ballistics
Connection lost

Rejoining the realm…

Still unreachable

The connection could not be restored.

Session expired

The server has moved on; the page needs a fresh start.